 Dungeon Crawl Stone Soup version 0.26-a0-1040-gbe3abf3417 (webtiles) character file.

Game seed: 565439817421095625

30144 pkoi the Grappler (level 13, -1/116 HPs)
             Began as a Minotaur Fighter on Dec 12, 2020.
             Was an Initiate of Gozag.
             Slain by Rupert
             ... wielding a +2 great mace of protection
              (34 damage)
             ... on level 4 of the Lair of Beasts.
             The game lasted 00:27:15 (18790 turns).

pkoi the Grappler (Minotaur Fighter)               Turns: 18790, Time: 00:27:16

Health: -1/116     AC: 18    Str: 25    XL:     13   Next: 19%
Magic:  12/12      EV: 12    Int:  5    God:    Gozag
Gold:   3440       SH: 14    Dex: 11    Spells: 12/12 levels left

rFire    . . .     SeeInvis .     - Unarmed
rCold    + . .     Faith    .   K - +1 kite shield
rNeg     . . .     Spirit   .   i - +0 chain mail
rPois    .         Reflect  .   (helmet restricted)
rElec    .         Harm     .   J - +0 cloak
rCorr    +         Rampage  .   r - +2 pair of gloves of the Heavens {rCorr}
Will     +....                  x - +0 pair of boots
Stlth    ..........             (no amulet)
HPRegen  0.29/turn              u - ring of protection from cold
MPRegen  0.13/turn              z - ring of willpower

@: no status effects
A: retaliatory headbutt, horns 2
a: Potion Petition, Call Merchant, Bribe Branch, Renounce Religion


You were on level 4 of the Lair of Beasts.
You worshipped Gozag.
Gozag was most pleased with you.
You visited 2 branches of the dungeon, and saw 14 of its levels.
You also visited: Sewer.

You collected 3979 gold pieces.
You spent 494 gold pieces at shops.
You paid 45 gold pieces to Gozag.

Inventory:

Hand Weapons
 b - the +7 hand crossbow "Orb Guardian's Bane" {venom, rPois rF- Str+4 Int+4}
   (You bought it in a shop on level 10 of the Dungeon)

   It poisons the ammo it fires.
   It affects your strength (+4).
   It affects your intelligence (+4).
   It makes you vulnerable to fire.
   It protects you from poison.
Missiles
 w - 6 boomerangs of dispersal (quivered)
 y - 50 poisoned darts
 F - 15 curare-tipped darts
 M - 64 bolts
Armour
 i - a +0 chain mail (worn)
 k - a scarf of invisibility
 r - the +2 pair of gloves of the Heavens (worn) {rCorr}
   (You found it on level 4 of the Dungeon)

   It provides partial protection from all sources of acid and corrosion.
 x - a +0 pair of boots (worn)
 J - a +0 cloak (worn)
 K - a +1 kite shield (worn)
Jewellery
 u - a ring of protection from cold (left hand)
 z - a ring of willpower (right hand)
 C - an uncursed ring of see invisible
 D - an uncursed ring of protection from cold
 E - an uncursed ring of resist corrosion
Wands
 s - a wand of polymorph (21)
 A - a wand of flame (22)
 B - a wand of paralysis (22)
 O - a wand of acid (10)
 R - a wand of disintegration (15)
 S - a wand of enslavement (11)
Scrolls
 d - 6 scrolls of remove curse
 f - 9 scrolls of teleportation
 g - 6 scrolls of identify
 n - 3 scrolls of amnesia
 p - a scroll of holy word
 t - 5 scrolls of fog
 v - 2 scrolls of fear
 G - 2 scrolls of magic mapping
 I - 2 scrolls of enchant weapon
 N - 2 scrolls of blinking
Potions
 a - a potion of cancellation
 c - 3 potions of might
 e - 4 potions of haste
 h - a potion of magic
 j - 3 potions of attraction
 l - 4 potions of brilliance
 m - 11 potions of curing
 o - a potion of lignification
 q - 4 potions of flight
 H - a potion of resistance
 L - 3 potions of ambrosia
 P - 2 potions of mutation
 Q - a potion of degeneration {unknown}


   Skills:
 - Level 11.4 Fighting
 + Level 6.6 Crossbows
 - Level 11.3 Armour
 - Level 10.0 Dodging
 + Level 11.8 Shields
 + Level 12.8 Unarmed Combat


You had 12 spell levels left.
You didn't know any spells.
Your spell library contained the following spells:

 Spells                   Type           Power        Failure   Level
 Corona                   Hex            #......      98%         1
 Sandblast                Erth           #.....       98%         1
 Shock                    Conj/Air       #...         98%         1
 Ensorcelled Hibernation  Hex/Ice        #.....       99%         2
 Passwall                 Tmut/Erth      #.......     99%         2
 Swiftness                Air            #.......     99%         2
 Confusing Touch          Hex            #.......     100%        3
 Dazzling Flash           Conj/Hex       #.....       100%        3
 Static Discharge         Conj/Air       #.......     100%        3
 Stone Arrow              Conj/Erth      #.....       100%        3
 Tukima's Dance           Hex            #.......     100%        3
 Airstrike                Air            #.........   100%        4
 Animate Dead             Necr           #.........   100%        4
 Petrify                  Tmut/Erth      #.......     100%        4
 Borgnjor's Vile Clutch   Necr/Erth      #.........   100%        5
 Lee's Rapid Deconstruct  Erth           #.........   100%        5
 Lightning Bolt           Conj/Air       #.........   100%        5
 Death Channel            Necr           #.........   100%        6
 Simulacrum               Ice/Necr       #.........   100%        6


Dungeon Overview and Level Annotations

Branches:
Dungeon (10/15)            Temple (0/1) D:4            Lair (4/6) D:10
 Shoals (0/4) Lair:4        Snake (0/4) Lair:4        Sewer (visited)
    Orc: D:9-12

Altars:
Cheibriados
Dithmenos
Elyvilon
Fedhas
Gozag
Kikubaaqudgha
Makhleb
Nemelex Xobeh
Qazlal
Sif Muna
Trog
Wu Jian
Yredelemnul

Shops:
D:7 ?   D:8 (   D:10 (

Annotations:
Lair:4 Rupert


Innate Abilities, Weirdness & Mutations

You reflexively headbutt those who attack you in melee.
You have a pair of horns on your head.


Message History

Rupert is heavily wounded.
You closely miss Rupert. You headbutt Rupert.
Rupert is severely wounded.
Rupert hits you but does no damage.
You closely miss Rupert. You headbutt Rupert.
Rupert is severely wounded.
Rupert hits you with a +2 great mace of protection!!
* * * LOW HITPOINT WARNING * * *
You hit Rupert but do no damage.
Rupert is severely wounded.
You block Rupert's attack.
You punch Rupert! Your headbutt misses Rupert.
Rupert is severely wounded.
You block Rupert's attack.
Unknown command.
You barely miss Rupert.
Rupert is severely wounded.
Rupert hits you with a +2 great mace of protection!!
You die...
Your body crumbles into a pile of gold.

###...## ##......# ##
### .## ........#
.##P####..# ##......##
#.......(.#
###.....P#####........#
#P......#.#........(.#
##.)............).(..##
#.......# #..........#
#.....P.# #..@@....#
##.#.###.# ##..####.#
#..###### #...#
##'###P#P# #..##
##........# #..##
##.........# ##.P#
#.#........# #..##
.##.......## #..#
..+.......## ##.#


You could see Rupert (berserk, very poisoned).

Vanquished Creatures
  3 hydras
  A two-headed ogre (D:10)
  2 death yaks
  Sonja (Lair:3)
  An unseen horror (D:10)
  Pikel (D:8)
  The ghost of Zonian the Destroyer, a novice TeCj of Nemelex Xobeh (D:7)
  A slime creature (D:8)
  3 elephants (Lair:3)
  3 black mambas
  A moth of wrath (D:7)
  A torpor snail (Lair:2)
  5 cane toads
  A rime drake (Lair:3)
  9 komodo dragons
  2 polar bears (Lair:3)
  A queen bee (D:9)
  5 blink frogs (Lair:3)
  Sigmund (D:5)
  8 wyverns
  12 basilisks
  22 yaks
  Menkaure (D:7)
  2 nagas (Lair:4)
  9 water moccasins
  5 sky beasts
  5 ice beasts
  A swamp drake (D:10)
  3 orc warriors (D:10)
  4 black bears
  A centaur (D:8)
  6 wolves (Lair:1)
  A lemure (D:8)
  5 ogres
  6 big kobolds (D:8)
  10 bullfrogs
  2 gnoll sergeants
  3 scorpions
  31 killer bees
  19 wights
  An electric eel (Lair:4)
  5 howler monkeys
  3 hounds
  3 quasits
  A bullfrog zombie (D:7)
  7 jellies
  9 orc wizards
  2 bullfrog skeletons
  8 orc priests
  Terence (D:2)
  Ijyb (D:4)
  2 iguanas
  8 worker ants
  6 hell rats (Lair:2)
  A merfolk avatar (Sewer)
  A merfolk siren (Sewer)
  A hound skeleton (D:4)
  A howler monkey zombie (D:5)
  A mummy (D:5)
  2 worker ant zombies (D:10)
  13 gnolls
  10 adders
  A howler monkey skeleton (D:4)
  21 river rats
  A shadow imp (D:6)
  2 white imps
  4 oozes (D:8)
  An adder zombie (D:7)
  An adder skeleton (D:7)
  3 worms
  A dart slug (D:2)
  5 leopard geckos
  22 orcs
  15 giant cockroaches
  4 goblins
  6 hobgoblins
  15 jackals
  10 kobolds
  8 quokkas
  5 ball pythons (Sewer)
  7 bats
  10 frilled lizards
  A jackal skeleton (D:7)
  A leopard gecko skeleton (D:5)
  A quokka skeleton (D:5)
  39 rats
470 creatures vanquished.

Vanquished Creatures (others)
  18 fungi
  16 plants
  10 toadstools (D:8)
44 creatures vanquished.

Grand Total: 514 creatures vanquished

Notes
Turn   | Place    | Note
-------+----------+-------------------------------------------
     0 | D:1      | pkoi the Minotaur Fighter began the quest for the Orb.
     0 | D:1      | Reached XP level 1. HP: 19/19 MP: 0/0
   109 | D:1      | Reached skill level 3 in Unarmed Combat
   113 | D:1      | Reached XP level 2. HP: 25/26 MP: 1/1
   748 | D:1      | Reached XP level 3. HP: 31/31 MP: 2/2
   868 | D:2      | Reached skill level 4 in Unarmed Combat
  1258 | D:2      | Reached XP level 4. HP: 39/39 MP: 3/3
  1266 | D:2      | Reached skill level 5 in Unarmed Combat
  1367 | D:2      | Noticed Terence
  1386 | D:2      | Killed Terence
  1854 | D:3      | Reached XP level 5. HP: 45/45 MP: 4/4
  2102 | D:3      | Reached skill level 6 in Unarmed Combat
  2430 | D:3      | Reached skill level 7 in Unarmed Combat
  2430 | D:3      | Reached XP level 6. HP: 43/51 MP: 5/5
  2467 | D:3      | Found a glowing drain.
  2476 | Sewer    | Entered a sewer
  3137 | D:3      | Found an opulent altar of Gozag.
  3140 | D:3      | Found a shadowy altar of Dithmenos.
  3143 | D:3      | Found a burning altar of Makhleb.
  3146 | D:3      | Found a sparkling altar of Nemelex Xobeh.
  3258 | D:3      | Became a worshipper of Gozag Ym Sagoz the Greedy
  3332 | D:4      | You fall into a shaft and drop 3 floors!
  3445 | D:7      | Reached skill level 1 in Dodging
  3445 | D:7      | Reached XP level 7. HP: 55/59 MP: 6/6
  3467 | D:7      | Reached skill level 8 in Unarmed Combat
  3859 | D:6      | Reached skill level 5 in Fighting
  3859 | D:6      | Reached skill level 5 in Armour
  3859 | D:6      | Reached skill level 5 in Shields
  3859 | D:6      | Reached XP level 8. HP: 49/68 MP: 7/7
  3879 | D:5      | Entered Level 5 of the Dungeon
  4026 | D:5      | Found a shimmering blue altar of Sif Muna.
  4092 | D:5      | Found a snail-covered altar of Cheibriados.
  4118 | D:5      | Noticed Sigmund
  4119 | D:5      | Found an ancient bone altar of Kikubaaqudgha.
  4149 | D:5      | Killed Sigmund
  5026 | D:4      | Reached skill level 9 in Unarmed Combat
  5168 | D:4      | Found a staircase to the Ecumenical Temple.
  5176 | D:4      | Got a pair of bloodstained gloves
  5188 | D:4      | Identified the +2 pair of gloves of the Heavens {rCorr}
                  | (You found it on level 4 of the Dungeon)
  5482 | D:4      | Noticed Ijyb
  5496 | D:4      | Killed Ijyb
  5561 | D:4      | You fall into a shaft and drop 3 floors!
  5561 | D:7      | Noticed Menkaure
  5569 | D:7      | Killed Menkaure
  5570 | D:7      | Reached XP level 9. HP: 48/77 MP: 8/8
  5738 | D:7      | You fall into a shaft and drop 3 floors!
  5738 | D:10     | Entered Level 10 of the Dungeon
  5756 | D:10     | Noticed an unseen horror
  5763 | D:10     | Noticed a two-headed ogre
  6133 | D:10     | Killed an unseen horror
  6134 | D:10     | Reached skill level 5 in Dodging
  6499 | D:9      | Reached skill level 10 in Unarmed Combat
  6499 | D:9      | Reached XP level 10. HP: 88/88 MP: 9/9
  7816 | D:8      | Found a blossoming altar of Fedhas.
  7899 | D:8      | Found Sipp's Antique Weapon Emporium.
  8298 | D:8      | Found a basalt altar of Yredelemnul.
  8351 | D:8      | Found a white marble altar of Elyvilon.
  8647 | D:8      | Noticed Pikel
  8656 | D:8      | Killed Pikel
  8795 | D:8      | Reached XP level 11. HP: 97/97 MP: 10/10
  9404 | D:7      | Found Noddutax's Magic Scroll Shoppe.
  9448 | D:7      | Found a transporter.
  9464 | D:7      | Found a transporter.
  9464 | D:7      | Noticed Zonian's ghost (novice TeCj)
  9474 | D:7      | Bought a scroll of holy word for 90 gold pieces
  9474 | D:7      | Bought a scroll of vulnerability for 90 gold pieces
  9556 | D:7      | Found a bloodstained altar of Trog.
  9556 | D:7      | Found a stormy altar of Qazlal.
  9723 | D:7      | Reached skill level 11 in Unarmed Combat
  9741 | D:7      | Killed Zonian's ghost
 10190 | D:6      | Found an ornate altar of the Wu Jian Council.
 11016 | D:10     | Found Hexaecw's Antique Weapon Shop.
 11026 | D:10     | Bought an ebony hand crossbow for 314 gold pieces
 11026 | D:10     | Identified the +7 hand crossbow "Orb Guardian's Bane"
                  | {venom, rPois rF- Str+4 Int+4} (You bought it in a shop on
                  | level 10 of the Dungeon)
 11925 | D:10     | Reached skill level 1 in Crossbows
 12219 | D:10     | Found a staircase to the Lair.
 12429 | D:10     | Reached skill level 10 in Fighting
 12633 | D:10     | Killed a two-headed ogre
 12634 | D:10     | Reached skill level 10 in Armour
 12634 | D:10     | Reached skill level 10 in Shields
 12879 | Lair:1   | Entered Level 1 of the Lair of Beasts
 13769 | Lair:1   | Reached XP level 12. HP: 90/107 MP: 11/11
 14544 | Lair:2   | Found an ancient bone altar of Kikubaaqudgha.
 14865 | Lair:2   | Noticed a death yak
 14866 | Lair:2   | Noticed a death yak
 14869 | Lair:2   | Noticed a six-headed hydra
 14896 | Lair:2   | Killed a death yak
 15116 | Lair:1   | Killed a death yak
 15117 | Lair:1   | Reached skill level 12 in Unarmed Combat
 15146 | Lair:2   | Killed a six-headed hydra
 15894 | Lair:2   | Reached skill level 5 in Crossbows
 16812 | Lair:3   | Noticed a five-headed hydra
 16818 | Lair:3   | Killed a five-headed hydra
 17242 | Lair:3   | Noticed Sonja
 17248 | Lair:3   | Killed Sonja
 17289 | Lair:3   | Reached skill level 10 in Dodging
 17508 | Lair:3   | Noticed a four-headed hydra
 17515 | Lair:3   | Killed a four-headed hydra
 17516 | Lair:3   | Reached XP level 13. HP: 99/116 MP: 12/12
 18004 | Lair:4   | Found a staircase to the Snake Pit.
 18532 | Lair:4   | Found a staircase to the Shoals.
 18767 | Lair:4   | Noticed Rupert
 18771 | Lair:4   | Paralysed by Rupert for 5 turns
 18790 | Lair:4   | Slain by Rupert

Illustrated notes

Levels and vault maps discovered:
D:1:      minmay_arrival_plants_in_alcoves, layout_loops_ring
D:2:      layout_loops_ring, kennysheep_nub, uniq_terence
D:3:      layout_basic, grunt_temple_overflow_cloverleaf, serial_corexii_hall,
          corexii_hall_statues_i, chequers_hall_statues_wall_a,
          gup_sewer_entry_bubbles
D:4:      layout_loops_ring, minmay_temple_entry_large_hall,
          minmay_crystal_room, uniq_ijyb
D:5:      layout_basic, slow_altar_1, lemuel_round_altar,
          kiku_gazebo_garden_becter, uniq_sigmund
D:6:      layout_cave_pools, old_standard_altar
D:7:      layout_rooms, minitemple, gammafunk_ghost_berserking_beasts,
          serial_shops, shop_statue, uniq_menkaure
D:8:      cheibrodos_fertilizer, layout_basic, kennysheep_ying_yang,
          fedhas_bush_and_centaur_altar, serial_shops, kennysheep_mini,
          uniq_pikel
D:9:      layout_small_grid, minivault_7
D:10:     layout_long_grid, erik_lair_dragon, serial_shops, shop_statue
Lair:1:   layout_gridlike, chequers_serial_rivers_room_a
Lair:2:   lemuel_ratsnest, layout_gridlike, basic_altar
Lair:3:   layout_regular_city, infiniplex_staircase_pool_2, uniq_sonja
Lair:4:   layout_roguey, shoals_dummy_entry, guppyfry_snake_entry_garden,
          lemuel_fruit_tree, infiniplex_staircase_pool, serial_bayou_shore_b,
          uniq_rupert, uniq_nergalle

Skill      XL: |  1  2  3  4  5  6  7  8  9 10 11 12 |
---------------+-------------------------------------+-----
Unarmed Combat | 3 4 5 7 8 9 10 11 12 | 12.8
Fighting       | 4 5 6 7 9 10 11 | 11.4
Armour         | 4 5 6 7 9 10 11 | 11.3
Dodging        | 1 2 4 6 7 8 10 | 10.0
Shields        | 4 5 6 7 9 10 11 | 11.8
Crossbows      | 3 6 |  6.6

Action                   |  1- 3 |  4- 6 |  7- 9 | 10-12 | 13-15 || total
-------------------------+-------+-------+-------+-------+-------++-------
Melee: Unarmed           |   128 |   216 |   321 |   853 |    50 ||  1568
       Headbutt          |    19 |    36 |    51 |   176 |    14 ||   296
 Fire: Hand crossbow     |       |       |       |   110 |    37 ||   147
  Use: Scroll            |       |     5 |     8 |     8 |       ||    21
       Potion            |       |     1 |       |     4 |       ||     5
 Stab: Distracted        |       |       |     1 |     8 |       ||     9
Armor: Scale mail        |    29 |       |       |       |       ||    29
       Chain mail        |    30 |    77 |   124 |   259 |     7 ||   497
       Skin              |       |       |     1 |     3 |       ||     4
Dodge: Dodged            |    27 |    45 |    74 |   243 |    14 ||   403
Block: Kite shield       |    52 |    68 |   139 |   437 |    21 ||   717

Table legend: (Time is in decaauts)
 A = Elapsed time spent in this place.
 B = Non-inter-level travel time spent in this place.
 C = Inter-level travel time spent in this place.
 D = Time resting spent in this place.
 E = Time spent auto-exploring this place.
 F = Levels seen in this place.
 G = Mean time per level.
                   A        B        C        D        E       F      G
               +--------+--------+--------+--------+--------+-----+--------+
         Total |  18742 |  17606 |   1136 |   2215 |  12137 |  15 | 1249.5 |
       Dungeon |  12277 |  11230 |   1047 |   1470 |   7552 |  10 | 1227.7 |
          Lair |   5842 |   5753 |     89 |    694 |   4235 |   4 | 1460.5 |
         Sewer |    621 |    621 |      0 |     51 |    349 |   1 |  621.0 |
               +--------+--------+--------+--------+--------+-----+--------+

Top non-repeatable levels by time:
    D:10: 2191 daAuts
  Lair:2: 1855 daAuts
  Lair:1: 1828 daAuts
     D:8: 1477 daAuts
     D:9: 1392 daAuts
     D:5: 1381 daAuts
  Lair:3: 1372 daAuts
     D:7: 1264 daAuts
     D:2: 1052 daAuts
     D:3: 981 daAuts
     D:1: 904 daAuts
     D:4: 821 daAuts
     D:6: 809 daAuts
  Lair:4: 786 daAuts
   Sewer: 621 daAuts
